 Dungeon Crawl Stone Soup version 0.21.1-1-g345015f (webtiles) character file.

569 nicolaieve the Cleaver (level 7, 0/57 HPs)
             Began as a Minotaur Berserker on July 18, 2018.
             Was a Priest of Trog.
             Slain by a centaur (7 damage)
             ... on level 4 of the Dungeon.
             The game lasted 00:09:43 (2520 turns).

nicolaieve the Cleaver (Minotaur Berserker)         Turns: 2520, Time: 00:09:44

Health: 0/57       AC:  6    Str: 26    XL:     7   Next: 11%
Magic:  6/6        EV: 10    Int:  4    God:    Trog [***...]
Gold:   225        SH:  0    Dex: 10    Spells: 6/6 levels left

rFire    . . .     SeeInvis .   a - +0 hand axe
rCold    . . .     Gourm    .   (no shield)
rNeg     . . .     Faith    .   u - +0 scale mail
rPois    +         Spirit   .   (helmet restricted)
rElec    .         Reflect  .   t - scarf {cloud immunity}
rCorr    .         Harm     .   (no gloves)
MR       ++...                  (no boots)
Stlth    ..........             (no amulet)
HPRegen  1.19/turn              r - +3 ring of strength
MPRegen  0.10/turn              m - ring of poison resistance

@: regenerating
A: retaliatory headbutt, horns 2
a: Berserk, Trog's Hand, Burn Spellbooks, Renounce Religion


You were on level 4 of the Dungeon.
You worshipped Trog.
Trog was most pleased with you.
You were hungry.

You visited 1 branch of the dungeon, and saw 4 of its levels.

You collected 225 gold pieces.

Inventory:

Hand Weapons
 a - a +0 hand axe (weapon)
Armour
 t - a scarf of cloud immunity (worn)
 u - a +0 scale mail (worn)
Jewellery
 k - an uncursed ring of see invisible
 m - a ring of poison resistance (right hand)
 n - an uncursed ring of protection from cold {unknown}
 r - a +3 ring of strength (left hand)
Scrolls
 b - a scroll of noise {unknown}
 d - a scroll of enchant weapon {unknown}
 e - a scroll of immolation {unknown}
 h - a scroll of magic mapping {unknown}
 j - a scroll of fear {unknown}
 l - 4 scrolls of identify {unknown}
 p - 2 scrolls of remove curse {unknown}
 q - a scroll of fog {unknown}
 s - 3 scrolls of teleportation {unknown}
 w - a scroll of amnesia {unknown}
 x - a scroll of enchant armour {unknown}
Potions
 f - 2 potions of flight {unknown}
 g - a potion of ambrosia {unknown}
 i - 2 potions of curing {unknown}
 v - 2 potions of might {unknown}
Comestibles
 c - 7 rations
 o - 8 chunks of flesh


   Skills:
 - Level 3.6 Fighting
 + Level 9.8 Axes
 - Level 2.4 Armour
 - Level 2.1 Dodging


You had 6 spell levels left.
You didn't know any spells.

Dungeon Overview and Level Annotations

Branches:
Dungeon (4/15)
 Temple: D:4-7

Altars:


Innate Abilities, Weirdness & Mutations

You reflexively headbutt those who attack you in melee.
You have a pair of horns on your head.


Message History

* * * LOW HITPOINT WARNING * * *
The centaur shoots an arrow.
The arrow hits you.
* * * LOW HITPOINT WARNING * * *
You see here 2 arrows.
Unknown command.
The centaur unwields an uncursed shortbow.
The centaur hits you.
* * * LOW HITPOINT WARNING * * *
Unknown command.
You hit the centaur but do no damage. You headbutt the centaur.
The centaur is lightly wounded.
The centaur hits you but does no damage.
Unknown command.
Your skin crawls.
You feel resistant to hostile enchantments.
You are feeling hungry.
The centaur hits you.
* * * LOW HITPOINT WARNING * * *
The centaur hits you!
You die...

#.# #.##
#≈.♣♣♣♣....♣♣ ♣.≈#
#. #≈.♣♣♣♣....♣♣
.≈# #.
#≈..♣♣......♣♣..≈#
#.
#≈(.............≈#
+.(..............+
+.(..............+
#≈(.............≈#
#≈(.♣♣......♣♣..≈#
#≈@♣♣♣♣...[♣♣ ♣.≈#
#≈c♣ ♣....♣ .≈#
#≈$. ...... ≈#
#≈.[......... #
#≈≈≈≈≈≈≈..≈≈≈≈
#######


You could see a centaur.

Vanquished Creatures
  An ogre (D:4)
  A howler monkey (D:4)
  A crimson imp (D:3)
  A centaur zombie (D:2)
  The ghost of Hypnagogic the Conjurer, a weakling DECj (D:3)
  3 orc wizards
  Crazy Yiuf (D:3)
  A hound (D:4)
  2 orc priests (D:3)
  A worker ant (D:4)
  A hound skeleton (D:4)
  3 adders
  A dart slug (D:1)
  A leopard gecko (D:1)
  9 orcs
  4 giant cockroaches
  6 goblins
  7 hobgoblins
  3 jackals (D:4)
  3 ball pythons
  4 bats
  7 frilled lizards
  12 kobolds
  A leopard gecko skeleton (D:4)
  5 rats
80 creatures vanquished.

Notes
Turn   | Place    | Note
-------+----------+-------------------------------------------
     0 | D:1      | nicolaieve the Minotaur Berserker began the quest for the Orb.
     0 | D:1      | Reached XP level 1. HP: 19/19 MP: 0/0
    56 | D:1      | Reached skill level 4 in Axes
    81 | D:1      | Reached XP level 2. HP: 15/26 MP: 1/1
   346 | D:1      | Reached skill level 5 in Axes
   404 | D:1      | Reached ** piety under Trog
   404 | D:1      | Reached XP level 3. HP: 29/31 MP: 2/2
  1109 | D:2      | Reached skill level 6 in Axes
  1109 | D:2      | Reached XP level 4. HP: 25/39 MP: 3/3
  1449 | D:3      | Reached XP level 5. HP: 42/45 MP: 4/4
  1509 | D:3      | Reached skill level 7 in Axes
  1663 | D:3      | Noticed Hypnagogic's ghost (weakling DECj)
  1665 | D:3      | Killed Hypnagogic's ghost
  1665 | D:3      | Reached skill level 8 in Axes
  1795 | D:3      | Reached XP level 6. HP: 38/51 MP: 5/5
  1984 | D:3      | Found a runed door.
  1988 | D:3      | Noticed Crazy Yiuf
  1991 | D:3      | Killed Crazy Yiuf
  2244 | D:4      | Reached skill level 9 in Axes
  2313 | D:4      | Reached *** piety under Trog
  2364 | D:4      | Reached XP level 7. HP: 33/57 MP: 6/6
  2520 | D:4      | Slain by a centaur

Skill      XL: |  1  2  3  4  5  6 |
---------------+-------------------+-----
Axes           | 4 5 6 8 9 |  9.8
Fighting       | |  3.6
Armour         | |  2.4
Dodging        | |  2.1

Action                   |  1- 3 |  4- 6 |  7- 9 || total
-------------------------+-------+-------+-------++-------
Melee: Hand axe          |    88 |   118 |    12 ||   218
       Headbutt          |    15 |    21 |     4 ||    40
Invok: Berserk           |       |     1 |       ||     1
       Trog's Hand       |       |       |     1 ||     1
  Eat: Chunk             |     1 |     5 |       ||     6
Armor: Animal skin       |    11 |       |       ||    11
       Ring mail         |    11 |     9 |       ||    20
       Scale mail        |       |    36 |     3 ||    39
Dodge: Dodged            |    55 |    46 |     6 ||   107
